[Event "*** SCC Grand Prix: Titled Tuesday Blitz"]
[Site "Chess.com"]
[Date "2020.09.29"]
[Round "5"]
[White "Tooweak2slow03"]
[Black "mishanick"]
[Result "1/2-1/2"]
[WhiteElo "2810"]
[BlackElo "3000"]
[TimeControl "180+1"]
[EndTime "10:56:08 PDT"]
[Termination "Game drawn - insufficient material"]

1. e4 c5 2. Nf3 d6 3. d4 cxd4 4. Nxd4 Nf6 5. Nc3 a6 6. a3 e5 7. Nf5 d5 8. Bg5 d4 9. Bxf6 Qxf6 10. Nd5 Qc6 11. c4 g6 12. Nxd4 exd4 13. Qxd4 f6 14.
O-O-O Be6 15. f4 Nd7 16. Kb1 Bxd5 17. exd5 Qb6 18. Qc3 Bc5 19. Re1+ Kd8 20. Re6 Qc7 21. Rxf6 Re8 22. Re6 Qxf4 23. g3 Qd4 24. Qb3 Kc7 25. Bg2 Rxe6 26. dxe6 Nb6 27. Rd1 Qg7 28. Rd7+ Nxd7 29.
Qxb7+ Kd6 30. Qxa8 Kxe6 31. Qxa6+ Ke7 32. Bh3 Qe5 33.
Bxd7 Kxd7 34. Qb7+ Ke6 35. Qxh7 Qe4+ 36. Ka1 Bd4 37.
Qg8+ Ke7 38. Qd5 Qxd5 39. cxd5 Kd6 40. Ka2 Kxd5 41. b4 Kc4 42. h3 Be5 43. g4 g5 44.
Kb1 Kd4 45. Kc2 Ke3 46. a4 Kf3 47. Kd3 Bd6 48. b5 Bc7 49. Kc4 Kg3 50. Kc5 Kxh3 51.
Kc6 Bh2 52. b6 Kxg4 53. b7 Kf5 54. a5 Bb8 55. a6 g4 56. Kb6 g3 57. a7 Bxa7+ 58.
Kxa7 g2 59. b8=Q g1=Q+ 60. Qb6 Qxb6+ 61. Kxb6 1/2-1/2

[Event "*** SCC Grand Prix: Titled Tuesday Blitz"]
[Site "Chess.com"]
[Date "2020.09.29"]
[Round "5"]
[White "BogdanDeac"]
[Black "Goryachkina"]
[Result "1-0"]
[WhiteElo "2896"]
[BlackElo "2640"]
[TimeControl "180+1"]
[EndTime "10:56:08 PDT"]
[Termination "BogdanDeac won on time"]

1. e4 e6 2. d4 d5 3. Nc3 Bb4 4. exd5 exd5 5. Bd3 Nf6 6. Ne2 O-O 7. O-O c6 8. h3 Re8 9. Ng3 Nbd7 10. Qf3 Nf8 11. Bg5 Be7 12. Nce2 Ne4 13. Bxe7 Qxe7 14. Bxe4 dxe4 15.
Qe3 Ng6 16. Rae1 f5 17. f3 exf3 18. Qxf3 Qe3+ 19. Qxe3 Rxe3 20. Nxf5 Bxf5 21. Rxf5 Rae8 22. Kf2 R3e4 23. g3 h6 24. c3 R8e7 25. h4 Nf8 26.
Rf4 R4e6 27. g4 Nh7 28. Rf5 Nf6 29. g5 hxg5 30. hxg5 Ne4+ 31. Kf3 g6 32. Re5 Rxe5 33. dxe5 Rxe5 34. Kf4 Re8 35. Nd4 Rf8+ 36. Kg4 Nc5 37. Re5 Nd3 38. Re6 Kg7 39. Re7+ Rf7 40. Ne6+ Kg8 41. Re8+ Kh7 42. Nd8 Rf4+ 43. Kg3 Rf5 44. Re7+ Kg8 45. Rxb7 Rxg5+ 46. Kf3 Rb5 47. Rxa7 Nxb2 48.
Ne6 Nd1 49. c4 Rf5+ 50. Ke4 Rf1 51. Ke5 Ne3 52. c5 Nc4+ 53. Kd4 Nd2 54. Rg7+ Kh8 55.
Rxg6 1-0

[Event "*** SCC Grand Prix: Titled Tuesday Blitz"]
[Site "Chess.com"]
[Date "2020.09.29"]
[Round "5"]
[White "mamey78"]
[Black "azikom"]
[Result "1/2-1/2"]
[WhiteElo "2412"]
[BlackElo "2632"]
[TimeControl "180+1"]
[EndTime "10:56:10 PDT"]
[Termination "Game drawn by repetition"]

1. e4 e5 2. Nf3 Nc6 3. Bb5 Nf6 4. d4 exd4 5. O-O Be7 6. e5 Ne4 7. Nxd4 O-O 8. Nf5 d5 9. exd6 Nxd6 10. Nxe7+ Qxe7 11. Bd3 Bf5 12. Nc3 Bxd3 13. Qxd3 Nb4 14. Qd1 Rad8 15. Bf4 Nc4 16. Qc1 Qc5 17. a3 Nd5 18. Nxd5 Rxd5 19. b3 Ne5 20. c4 Rd7 21. Qe3 Qxe3 22. Bxe3 Ng4 23. Bc5 Re8 24. h3 Nf6 25. Rad1 b6 26. Be3 Red8 27. Rxd7 Rxd7 28. Rc1 Rd3 29.
c5 Nd5 30. cxb6 axb6 31. Rb1 Nxe3 32. fxe3 Rxe3 33. Kf2 Rc3 34. a4 Rc2+ 35. Kf3 h5 36. g4 h4 37. Ke4 Kh7 38. Kd5 Rc3 39. b4 Rxh3 40. Ra1 Rb3 41. a5 bxa5 42. bxa5 Kg6 43. a6 Rb8 44. a7 Ra8 45. Kc6 Kg5 46. Kb7 Rxa7+ 47. Kxa7 Kxg4 48. Rg1+ Kf3 49. Rxg7 f5 50. Rh7 Kg3 51. Rg7+ Kf4 52. Rh7 Kg5 53. Rg7+ Kf4 54. Rh7 Kg3 55. Rg7+ Kf3 56. Rh7 Kg3 1/2-1/2

[Event "*** SCC Grand Prix: Titled Tuesday Blitz"]
[Site "Chess.com"]
[Date "2020.09.29"]
[Round "5"]
[White "salomez"]
[Black "lucachess49"]
[Result "1-0"]
[WhiteElo "2241"]
[BlackElo "2380"]
[TimeControl "180+1"]
[EndTime "10:56:10 PDT"]
[Termination "salomez won on time"]

1. d4 Nf6 2. Bf4 e6 3. Nf3 b6 4.
e3 Bb7 5. Be2 d6 6. O-O Nbd7 7. c4 g6 8. Nc3 Bg7 9. h3 O-O 10. Qc2 Qe7 11. Bh2 Nh5 12. b4 f5 13.
Rac1 Nhf6 14. c5 bxc5 15. bxc5 dxc5 16. Nb5 Be4 17. Qd2 c6 18. Bd6 Qd8 19. Bxf8 Nxf8 20.
Nc3 cxd4 21. Qxd4 Nd5 22. Qc4 Nxc3 23. Rxc3 Bxc3 24. Qxc3 Qe7 25. Rc1 Rc8 26. Ne5 Nd7 27. Bc4 Nxe5 28. Qxe5 Kf7 29. Rd1 Bd5 30. Rc1 Qf6 31.
Qf4 Qb2 32. e4 Bxc4 33. Rxc4 Qxa2 34. exf5 exf5 35. Rc1 Qe6 36. Rd1 c5 37. Rd6 Qe7 38.
Qd2 Rc7 39. Qd5+ Kg7 40. Rd8 c4 41. Rg8+ Kh6 42. Qd2+ Qg5 43. Qd6 Qe7 44. Qf4+ Kh5 45. g4+ fxg4 46. hxg4+ Kh4 47. Qg3+ Kg5 48. f4+ Kf6 49. g5+ Kf7 50. Rh8 Kg7 51. Qc3+ Kf7 52. Rxh7+ 1-0

[Event "*** SCC Grand Prix: Titled Tuesday Blitz"]
[Site "Chess.com"]
[Date "2020.09.29"]
[Round "5"]
[White "Revnov"]
[Black "elohunter1999"]
[Result "0-1"]
[WhiteElo "2692"]
[BlackElo "2486"]
[TimeControl "180+1"]
[EndTime "10:56:12 PDT"]
[Termination "elohunter1999 won on time"]

1. e4 e5 2. Nf3 Nc6 3. Bc4 Bc5 4.
d3 Nf6 5. Nc3 h6 6. O-O a6 7. Bd5 d6 8. Bxc6+ bxc6 9. Be3 Bb6 10. d4 Ng4 11. Bc1 exd4 12. Nxd4 Qf6 13. Nce2 Bd7 14.
f3 Ne5 15. Kh1 c5 16. Nf5 Bxf5 17. exf5 Qxf5 18. Ng3 Qd7 19. f4 Nc6 20. f5 O-O-O 21. Qd5 Rhe8 22. c3 Kb8 23. Bf4 Ne5 24. a3 Qc6 25. Qd1 g5 26. fxg6 fxg6 27. Bxh6 Rh8 28. Bg7 Rhe8 29. Bf6 Rd7 30. a4 c4 31. a5 Ba7 32. Qe2 Rh7 33. Rf4 Nd3 34. Qg4 Nxf4 35.
Qxf4 d5 36. Qg5 Qe6 37. Rf1 Rf7 38. Qxg6 Ref8 39. Nh5 d4 40. h3 d3 41. Qg5 Qc6 42. Kh2 Rd7 43. Rd1 Re8 44. Bd4 Qd6+ 45. Ng3 Bxd4 46. cxd4 Qxd4 47. b3 Qe5 48. Qxe5 Rxe5 49.
bxc4 Rxa5 50. h4 Rc5 51. Kh3 Rxc4 52. h5 d2 53. Nf1 Rcd4 54. g4 c5 55. h6 c4 56. g5 c3 57. g6 R4d6 58. h7 Rd8 59. Rb1+ Kc7 60. Rb4 Rxg6 61. Rc4+ Kb6 62. Rxc3 d1=Q 0-1

[Event "*** SCC Grand Prix: Titled Tuesday Blitz"]
[Site "Chess.com"]
[Date "2020.09.29"]
[Round "5"]
[White "Sibelephant"]
[Black "Fy_Rakotomaharo"]
[Result "1-0"]
[WhiteElo "3049"]
[BlackElo "2674"]
[TimeControl "180+1"]
[EndTime "10:56:13 PDT"]
[Termination "Sibelephant won by resignation"]

1. c4 e5 2. Nc3 Bb4 3. Qb3 a5 4. a3 Bxc3 5. Qxc3 d6 6. d4 Qe7 7. g3 exd4 8. Qxd4 Nf6 9. Bg5 Nbd7 10. Bg2 h6 11. Bxf6 Nxf6 12. Nh3 Bxh3 13. Bxh3 O-O 14.
Bg2 Rfe8 15. e3 Ne4 16. b3 Nc5 17. Rb1 c6 18. O-O Ne6 19. Qd2 h5 20. Rfd1 Red8 21. h4 Qc7 22. b4 axb4 23. axb4 g6 24. Rb3 Ra4 25. Rd3 Qb6 26. Rb1 c5 27. Rdb3 Qc7 28.
Bd5 cxb4 29. Rxb4 Rxb4 30. Qxb4 Nc5 31. Ra1 Qe7 32. Qb2 Qe5 33. Qxe5 dxe5 34. Rb1 Rd7 35. Rb6 Kg7 36. Kf1 Rc7 37. Ke2 Kf8 38. f3 Ke7 39. g4 Rd7 40. Rb5 Rc7 41. gxh5 gxh5 42. Rb6 f6 43. Kd2 Rd7 44. Rb5 Rc7 45. Kc3 Kd6 46.
Rb6+ Ke7 47. Kb4 Nd3+ 48. Kb5 Nc5 49. Ka5 Rd7 50. Kb4 Rc7 51. Kb5 Kd7 52. Rxf6 Ke8 53. Rh6 Nd3 54. Rh8+ Ke7 55. Rxh5 Kd6 56. Rh6+ Ke7 57.
Rh7+ Kd6 58. Rxc7 Kxc7 59. h5 Nf2 60. h6 1-0

[Event "*** SCC Grand Prix: Titled Tuesday Blitz"]
[Site "Chess.com"]
[Date "2020.09.29"]
[Round "5"]
[White "szefru"]
[Black "Rubinstein_Akiba"]
[Result "1-0"]
[WhiteElo "2170"]
[BlackElo "2389"]
[TimeControl "180+1"]
[EndTime "10:56:15 PDT"]
[Termination "szefru won on time"]

1. e4 c5 2. Nf3 d6 3. d4 cxd4 4. Qxd4 a6 5. Nc3 Nf6 6. Bg5 Nc6 7. Qd2 e6 8. O-O-O Be7 9. h4 Qc7 10. Bf4 e5 11. Bg5 Be6 12. Bxf6 gxf6 13. Nd5 Bxd5 14. Qxd5 Rc8 15. Bc4 Rf8 16. Bb3 b5 17. h5 Nd8 18.
Nh4 Ne6 19. Nf5 Kd7 20. Kb1 Rg8 21. g3 Rgf8 22. Nh6 Qc5 23. f3 Qxd5 24. Bxd5 Rc7 25.
Rhf1 Nd8 26. f4 Kc8 27. Nf5 a5 28. c3 Ne6 29. Bxe6+ fxe6 30. Nxd6+ Bxd6 31. Rxd6 Re8 32. Kc2 Rc4 33. Kd3 Rc7 34. Ke3 Rd7 35. Rfd1 Red8 36. fxe5 fxe5 37. Rc6+ Kb7 38. Rxd7+ Rxd7 39. Rxe6 Rd1 40.
Rxe5 Re1+ 41. Kf3 Kc6 42. Rd5 Rb1 43. Rd2 b4 44. cxb4 axb4 45. b3 Rf1+ 46. Kg4 Rf7 47.
e5 Rg7+ 48. Kf4 Rf7+ 49. Ke4 Re7 50. Kf5 Rf7+ 51. Ke6 Rf3 52. Rc2+ Kb5 53. g4 h6 54. Kd7 Rg3 55. e6 Rxg4 56. e7 Rd4+ 57. Ke8 Re4 58.
Rf2 1-0

[Event "*** SCC Grand Prix: Titled Tuesday Blitz"]
[Site "Chess.com"]
[Date "2020.09.29"]
[Round "5"]
[White "hungrycaterpillar4"]
[Black "CrazyMartian"]
[Result "1-0"]
[WhiteElo "2618"]
[BlackElo "2322"]
[TimeControl "180+1"]
[EndTime "10:56:16 PDT"]
[Termination "hungrycaterpillar4 won on time"]

1. d4 d5 2. Bf4 Nf6 3. e3 c5 4.
Nf3 Nc6 5. Nbd2 Bf5 6. dxc5 e6 7.
Nd4 Bxc5 8. Nxf5 exf5 9. c3 Bd6 10. Bxd6 Qxd6 11. Bd3 g6 12. O-O O-O 13. Qa4 Rad8 14. Rad1 Rfe8 15. h3 a6 16. Rfe1 Qc5 17. Nb3 Qa7 18. Nd4 Nxd4 19. Qxd4 Qxd4 20. exd4 Ne4 21. Re3 Nd6 22. Rde1 Rxe3 23. Rxe3 Kf8 24. Re5 Ne4 25. f3 Ng5 26. h4 Ne6 27. g3 Ke7 28. Kf2 Kd6 29.
Re1 b5 30. a3 h5 31. f4 Nc7 32. Ra1 Rb8 33. Ke3 Ne8 34. a4 bxa4 35. Ra2 a5 36. Kd2 Nf6 37. Kc2 Ne4 38. Rxa4 Nxg3 39. Rxa5 Ne4 40.
Ra7 Ke6 41. b4 Rc8 42. Ra3 Nd6 43. b5 f6 44. Kb3 g5 45. fxg5 fxg5 46. hxg5 Ne4 47.
Kb4 Nxg5 48. b6 Nf7 49. Ba6 Rb8 50. Kc5 Nd6 51. Kc6 h4 52. Ra1 Rh8 53. Re1+ Ne4 54. c4 h3 55. cxd5+ Kf6 56. b7 h2 57. d6 f4 58. d7 f3 59. Kc7 f2 60. Rh1 Nc3 61.
Rxh2 Rxh2 62. d8=Q+ 1-0

[Event "*** SCC Grand Prix: Titled Tuesday Blitz"]
[Site "Chess.com"]
[Date "2020.09.29"]
[Round "5"]
[White "belisarius64"]
[Black "chessfrendz"]
[Result "0-1"]
[WhiteElo "2676"]
[BlackElo "2354"]
[TimeControl "180+1"]
[EndTime "10:56:18 PDT"]
[Termination "chessfrendz won by resignation"]

1. e4 e6 2. d4 d5 3. Nc3 Nf6 4. Bg5 dxe4 5. Nxe4 Nbd7 6. Nf3 Be7 7. Nxf6+ Bxf6 8. Qd2 Bxg5 9. Nxg5 h6 10. Nf3 O-O 11.
O-O-O Qe7 12. Bc4 c5 13. d5 exd5 14. Rhe1 Qf6 15. Bxd5 Nb6 16. Ne5 Nxd5 17. Qxd5 Qxf2 18. Ng6 Be6 19. Rxe6 fxe6 20. Qxe6+ Qf7 21. Nxf8 Rxf8 22. Qe5 Qxa2 23. Rd7 Rf7 24. Qe8+ Rf8 25. Qe5 Rf7 26. Rd8+ Kh7 27. Qe4+ g6 28. Qe8 Qa1+ 29. Kd2 Rf2+ 30. Kc3 Qa5+ 31. Kd3 Rd2+ 32. Ke3 Qxd8 33. Qf7+ Kh8 34.
Qxg6 Qd4+ 35. Kf3 Rf2+ 36. Kg3 Qf4+ 37. Kh3 Qf5+ 38. Qxf5 Rxf5 39. Kg4 Rf2 40. b4 Rxc2 41. bxc5 Rxc5 42. Kf4 a5 43. Ke4 a4 44. Kd4 Rc1 45. Kd3 a3 46. Kd2 Rc6 47. Ke3 a2 48.
Kf4 a1=Q 49. Kg4 Qd4+ 50. Kh3 Rf6 51. g3 Qe3 52. Kh4 Qe4+ 53. Kh3 Qf5+ 54. Kh4 Re6 55. g4 Re4 56. h3 Qxg4+ 57. hxg4 Kg7 58. Kh5 Kh7 59. Kh4 Kg6 60. Kg3 Kg5 61. Kf3 Rxg4 62.
Kf2 Rf4+ 63. Ke3 b5 0-1

[Event "*** SCC Grand Prix: Titled Tuesday Blitz"]
[Site "Chess.com"]
[Date "2020.09.29"]
[Round "5"]
[White "Kira170"]
[Black "csati17"]
[Result "1-0"]
[WhiteElo "2788"]
[BlackElo "2579"]
[TimeControl "180+1"]
[EndTime "10:56:21 PDT"]
[Termination "Kira170 won by resignation"]

1. d4 Nf6 2. Nc3 e6 3. Bf4 Bb4 4. Qd3 O-O 5. Nf3 d5 6. g4 Ne4 7. a3 Bxc3+ 8. bxc3 b6 9. Nd2 Bb7 10. Nxe4 dxe4 11. Qe3 Nd7 12. g5 e5 13. dxe5 Nc5 14.
Bh3 Qe7 15. O-O Rfd8 16. Rfd1 Ne6 17. Bxe6 Qxe6 18. Rd4 c5 19. Rd6 Qg4+ 20. Bg3 Re8 21. Rad1 Ba6 22. R1d2 Bb5 23. Kg2 Qf5 24. h3 Ba6 25.
Qf4 Bc8 26. Qxf5 Bxf5 27. Bf4 Kf8 28. Kg3 Ke7 29. h4 Red8 30. h5 Rxd6 31. exd6+ Kd7 32.
Be5 Rg8 33. Kf4 g6 34. Bf6 Rb8 35. Ke5 b5 36. Rd5 b4 37. axb4 cxb4 38. cxb4 Rxb4 39. Rc5 Rb7 40. c4 a6 41. e3 Be6 42. h6 a5 43.
Rxa5 Bxc4 44. Ra8 Rb5+ 45. Kd4 Bd3 46. Be5 Ke6 47. Re8+ Kd7 48. Re7+ Kd8 49. Rxf7 Rb4+ 50.
Kc3 Rc4+ 51. Kd2 Rc2+ 52. Kd1 Ra2 53. Bf6+ Ke8 54. d7+ Kxf7 55. d8=Q Ra1+ 56. Kd2 Ra2+ 57. Kc3 Ra7 58. Qd5+ Ke8 59. Qc5 Rd7 60. Qc8+ 1-0

[Event "*** SCC Grand Prix: Titled Tuesday Blitz"]
[Site "Chess.com"]
[Date "2020.09.29"]
[Round "5"]
[White "almo64"]
[Black "valeriocarnicelli"]
[Result "0-1"]
[WhiteElo "2696"]
[BlackElo "2534"]
[TimeControl "180+1"]
[EndTime "10:56:21 PDT"]
[Termination "valeriocarnicelli won on time"]

1. e4 c5 2. Nc3 Nc6 3. Bb5 Nd4 4.
Nf3 Nxb5 5. Nxb5 g6 6. d4 Bg7 7. dxc5 Qa5+ 8. Nc3 Qxc5 9. Be3 Bxc3+ 10. bxc3 Qxc3+ 11. Ke2 b6 12. Qd3 Qxd3+ 13. cxd3 Nf6 14. Rhc1 Ba6 15.
Bd4 O-O 16. Bxf6 exf6 17. Rc7 Rfd8 18. a4 d5 19. exd5 Rxd5 20. Ra3 Rad8 21. Ne1 Re5+ 22. Kd2 Rde8 23. Rxa7 Rxe1 24. Rxa6 R1e2+ 25. Kc3 Rxf2 26. Rxb6 Rxg2 27. a5 Rc8+ 28. Kb3 Rxh2 29. a6 Rd2 30. Ka4 Kg7 31. a7 Ra8 32. Rb7 h5 33. Kb4 Rb2+ 34.
Rb3 Rxb3+ 35. Kxb3 h4 36. Rb4 h3 37. Rh4 Rxa7 38.
Rxh3 f5 39. Kc4 Kf6 40. Kc5 Ra3 41. Kb4 Ra1 42. d4 Rd1 43. Kc5 g5 44. Rh6+ Ke7 45. d5 Rc1+ 46. Kd4 Re1 47. Rh5 f6 48. Rh6 Rd1+ 49.
Kc5 Rc1+ 50. Kd4 Rd1+ 51. Kc5 Rc1+ 52. Kd4 g4 53. Ke3 Rc4 54. d6+ Ke6 55. d7 Re4+ 56. Kd3 Kxd7 57. Rxf6 Rf4 58. Ke3 Rf3+ 59. Kd4 Ke7 60. Ke5 Re3+ 61. Kxf5 Rf3+ 62. Kg5 Rxf6 0-1

[Event "*** SCC Grand Prix: Titled Tuesday Blitz"]
[Site "Chess.com"]
[Date "2020.09.29"]
[Round "5"]
[White "rynos0411"]
[Black "KaspMagAlpha"]
[Result "1-0"]
[WhiteElo "2424"]
[BlackElo "2246"]
[TimeControl "180+1"]
[EndTime "10:56:23 PDT"]
[Termination "rynos0411 won on time"]

1. e4 c5 2. Nf3 e6 3. d3 a6 4.
g3 b5 5. Bg2 Bb7 6. O-O Ne7 7.
Nbd2 g6 8. Re1 Bg7 9. c3 O-O 10. Qc2 Nbc6 11. h4 Rc8 12. h5 d5 13. Nf1 b4 14. N1h2 bxc3 15. bxc3 Nb4 16. cxb4 Bxa1 17.
Bh6 Bg7 18. Bxg7 Kxg7 19. Qb2+ d4 20. bxc5 Ba8 21. Nxd4 e5 22. Nb3 f6 23. Rd1 Bc6 24.
Ng4 gxh5 25. Ne3 Ba4 26. Qe2 Bxb3 27. axb3 Rxc5 28. Qxh5 Qe8 29. Qg4+ Qg6 30. Qe6 Qf7 31.
Qxa6 Qxb3 32. Ra1 Rfc8 33. Bf1 Rc1 34. Rxc1 Rxc1 35. Qd6 Qf7 36. Kg2 Rc6 37. Qd8 Rc8 38. Qd6 Rc6 39. Qd7 Rc1 40. Be2 Ra1 41. Bg4 Ra2 42.
Be6 Ra7 43. Qxa7 Qxe6 44. Nf5+ Kf7 45. Qxe7+ Qxe7 46. Nxe7 Kxe7 47. Kh3 Kf7 48. f4 Kg6 49.
Kh4 Kh6 50. Kg4 Kg6 51. Kf3 Kh5 52. Ke3 Kg4 53. fxe5 fxe5 54. d4 exd4+ 55. Kxd4 h5 56. e5 Kxg3 57. e6 h4 58. e7 h3 59. e8=Q Kg2 60.
Qg6+ Kh1 61. Qe4+ Kg1 62. Qg4+ Kh2 63. Ke3 Kh1 64. Kf2 1-0

[Event "*** SCC Grand Prix: Titled Tuesday Blitz"]
[Site "Chess.com"]
[Date "2020.09.29"]
[Round "5"]
[White "IvanSoriano1"]
[Black "leoduarte"]
[Result "0-1"]
[WhiteElo "2481"]
[BlackElo "2309"]
[TimeControl "180+1"]
[EndTime "10:56:24 PDT"]
[Termination "leoduarte won on time"]

1. g3 c5 2. Bg2 Nc6 3. c4 g6 4. Nf3 Bg7 5. O-O e6 6. d3 Nge7 7. Nc3 O-O 8. Be3 b6 9. a3 Bb7 10. Rb1 d5 11. cxd5 exd5 12. Bg5 h6 13. Bf4 Qd7 14. Qc1 Kh7 15. Rd1 Rac8 16. h4 Nd4 17.
Qd2 Rfe8 18. Kh2 Nef5 19. Re1 Nxf3+ 20. Bxf3 Nd4 21. Bg2 Re7 22. Bh3 f5 23. Bg2 Rce8 24.
b4 Ba8 25. bxc5 bxc5 26. Rb8 Ne6 27. Rxe8 Rxe8 28. Rc1 Nxf4 29. Qxf4 d4 30. Nd1 Bxg2 31. Kxg2 Rxe2 32. Rxc5 Qb7+ 33. Qf3 Qxf3+ 34. Kxf3 Rd2 35. Rc1 Ra2 36. Rc7 Rxa3 37. Ke2 Ra2+ 38. Ke1 a5 39. Ra7 Kg8 40. Rb7 Bf8 41. Rb8 Kf7 42.
Rb7+ Ke6 43. Rb6+ Kd5 44. Rb2 Bb4+ 45. Ke2 Ra1 46. f3 Kc6 47. g4 fxg4 48. fxg4 Kb5 49.
Nf2 a4 50. Ne4 a3 51. Rc2 Ka4 52. Rc4 a2 53. Nc5+ Ka3 54. Na6 Re1+ 55. Kf2 a1=Q 56. Nxb4 Rf1+ 57. Kg3 Rg1+ 58. Kf4 Qf1+ 59. Ke5 Qe2+ 0-1

[Event "*** SCC Grand Prix: Titled Tuesday Blitz"]
[Site "Chess.com"]
[Date "2020.09.29"]
[Round "5"]
[White "vpsetter"]
[Black "LiamVrolijk"]
[Result "0-1"]
[WhiteElo "2613"]
[BlackElo "2838"]
[TimeControl "180+1"]
[EndTime "10:56:25 PDT"]
[Termination "LiamVrolijk won by resignation"]

1. d4 g6 2. Nf3 Bg7 3. Bf4 d6 4. e3 Nd7 5. Nc3 e5 6. dxe5 dxe5 7. Bg3 Ne7 8. Bc4 O-O 9. e4 Nc6 10. h4 Nd4 11. h5 Nb6 12. Nxe5 Bxe5 13. Bxe5 Nc6 14. Qxd8 Rxd8 15. Bxc7 Nxc4 16. Bxd8 Nxd8 17. O-O-O Nc6 18. Nd5 Be6 19. Nc7 Rf8 20. f3 Bc8 21. Nd5 N4e5 22. b3 Kg7 23. h6+ Kh8 24. Nf6 Be6 25. Rd6 Ne7 26. Rhd1 N5c6 27. c4 Ng8 28. Nxg8 Kxg8 29. g4 Re8 30. R1d2 g5 31. Kc2 Kf8 32. Kc3 Ke7 33. R6d3 Ne5 34. Re3 Rg8 35. Kd4 Nc6+ 36.
Kc3 Rg6 37. Rh2 Ne5 38. Kd4 Nc6+ 39. Kc5 Rf6 40. e5 Rg6 41. Rh5 Bd7 42. b4 Nd8 43. b5 Ne6+ 44. Kb4 Nf4 45. Rh2 b6 46. a4 Ne6 47. a5 Nc5 48. a6 Re6 49. Rh5 Rg6 50. Kc3 Be6 51. Rh2 Rg8 52. Rd2 Nd7 53. Re4 Rc8 54.
Kb4 Nc5 55. Red4 Nd7 56. Re2 Rc5 57. f4 gxf4 58. Rxf4 Nxe5 59. g5 Nd3+ 60. Kc3 Nxf4 0-1

[Event "*** SCC Grand Prix: Titled Tuesday Blitz"]
[Site "Chess.com"]
[Date "2020.09.29"]
[Round "5"]
[White "killer311"]
[Black "pirulillo"]
[Result "1-0"]
[WhiteElo "2449"]
[BlackElo "2229"]
[TimeControl "180+1"]
[EndTime "10:56:26 PDT"]
[Termination "killer311 won by resignation"]

1. d4 Nf6 2. c4 g6 3. g3 Bg7 4. Bg2 O-O 5. Nf3 d6 6. Nc3 c6 7. O-O Qa5 8. e4 e5 9. d5 cxd5 10. cxd5 Bd7 11. Bd2 Rc8 12. Rc1 b5 13. Qe2 a6 14. a3 Qb6 15. Be3 Qb7 16. h3 a5 17.
Rfd1 b4 18. Na2 Rxc1 19. Rxc1 Nxe4 20. Nxe5 Bxe5 21. Bxe4 Bxh3 22. Kh2 Bd7 23. Qd2 Na6 24. axb4 axb4 25. Bd4 Bxd4 26. Qxd4 Qa7 27. Qxa7 Rxa7 28. Bd3 Nc5 29. Bb1 Rb7 30. Kg2 Kg7 31. Rc4 b3 32.
Nc3 h5 33. Rd4 Ra7 34. Bd3 Ra1 35. Bc4 g5 36. Ne4 Nxe4 37. Rxe4 Rb1 38. Re2 Ba4 39.
Kf3 Rc1 40. Bd3 Rc5 41. Be4 Kf6 42. Ke3 Bb5 43. Rd2 Bc4 44. Kd4 h4 45. gxh4 gxh4 46. f4 Ba6 47. Rh2 Bc8 48. Rxh4 Bf5 49. Rh6+ Bg6 50. f5 Kg7 51. Rh3 Bh7 52. f6+ Kxf6 53. Rxh7 Ke7 54. Rh3 Rb5 55. Kc4 Rb8 56. Rxb3 Rc8+ 57.
Kd4 Kf6 58. Rf3+ Kg5 59. Rxf7 Rb8 60. Kc3 Rc8+ 61. Kd2 Rb8 62. Kc2 Rc8+ 63. Kb1 Rb8 64. Rf2 Kg4 65. Kc2 Kg3 66. Rf6 Kg4 67. Rxd6 Rc8+ 68. Rc6 Kf4 69. Rxc8 1-0

[Event "*** SCC Grand Prix: Titled Tuesday Blitz"]
[Site "Chess.com"]
[Date "2020.09.29"]
[Round "5"]
[White "Ermito2020"]
[Black "Bigfish1995"]
[Result "0-1"]
[WhiteElo "2677"]
[BlackElo "3102"]
[TimeControl "180+1"]
[EndTime "10:56:27 PDT"]
[Termination "Bigfish1995 won on time"]

1. e4 c5 2. Nf3 d6 3. d4 cxd4 4. Nxd4 Nf6 5. Nc3 a6 6. Nb3 Nc6 7. Be2 g6 8. Be3 h5 9. h3 Bg7 10. Qd2 Bd7 11. O-O-O b5 12. a3 Rc8 13. Kb1 Ne5 14.
f4 Nc4 15. Bxc4 bxc4 16. Nd4 Qc7 17. Ka1 Rb8 18. Rb1 e5 19. Nde2 Bc6 20. fxe5 dxe5 21.
Bc5 Rd8 22. Qe3 Bh6 23. Qf2 Nd7 24. Rhf1 f6 25. Rbd1 Qb7 26. Rd6 O-O 27. Rxc6 Qxc6 28. Bxf8 Bxf8 29. Nd5 Kg7 30. Nec3 Bc5 31. Qf3 Rb8 32.
g4 hxg4 33. Qxg4 Qd6 34. Ka2 Bd4 35. h4 Rh8 36. Rf3 Rh6 37. Rg3 Bf2 38. Rh3 Kf7 39. h5 g5 40. Rf3 Bh4 41. Rf1 Qe6 42. Qe2 Qc6 43. Rd1 Nf8 44. Nb4 Qe6 45. Qd2 Rxh5 46. Qd8 Rh8 47. Qc7+ Kg6 48. Nbd5 Qf7 49. Ne7+ Kh5 50.
Qd6 Ng6 51. Nf5 Nf4 52. Qd2 Kg6 53. Rg1 Qb7 54. Nd6 Qd7 55. Nxc4 Qxd2 56. Nxd2 Bf2 57. Rf1 Be3 58. Nc4 Bd4 59. Nd5 Nxd5 60. exd5 g4 61. c3 Ba7 62. d6 g3 63. d7 g2 64. Rd1 Rd8 65. Na5 g1=Q 66. Rxg1+ Bxg1 67. Nc6 Rxd7 68. b4 Rc7 0-1

[Event "*** SCC Grand Prix: Titled Tuesday Blitz"]
[Site "Chess.com"]
[Date "2020.09.29"]
[Round "5"]
[White "Harry_Rakkel"]
[Black "goldenpuppy"]
[Result "1-0"]
[WhiteElo "2573"]
[BlackElo "2383"]
[TimeControl "180+1"]
[EndTime "10:56:27 PDT"]
[Termination "Harry_Rakkel won on time"]

1. d4 Nf6 2. Nf3 e6 3. Bf4 c5 4. c3 d5 5. Nbd2 Nc6 6. e3 Bd6 7. Bg3 O-O 8. Bd3 b6 9. Qe2 Bb7 10. O-O Qc7 11. dxc5 bxc5 12. e4 Bxg3 13. hxg3 h6 14.
Rad1 Rad8 15. Rfe1 d4 16. e5 Nh7 17. cxd4 Nxd4 18.
Nxd4 Rxd4 19. Nb3 Qc6 20. f3 Rxd3 21. Rxd3 c4 22. Rd6 Qa4 23. Nc5 Qb4 24. a3 Qxc5+ 25.
Qe3 Qb5 26. Qd4 Bd5 27. Kh2 Qa5 28. Re2 Rb8 29. Rd7 a6 30. Qa7 Rf8 31. Rd6 Ra8 32. Qe7 Ng5 33. Rd7 Rf8 34. Ra7 Qb5 35. Qb4 Qc6 36.
Qd6 Bxf3 37. gxf3 Qxf3 38. Rd2 Qh5+ 39. Kg2 Qh3+ 40. Kg1 Qxg3+ 41. Kf1 Nf3 42. Qxf8+ Kh7 43. Qxf7 Nxd2+ 44. Ke2 Qd3+ 45. Ke1 Qe3+ 46. Kd1 Qg5 47. Qxe6 Ne4 48. Qd5 Qg4+ 49. Kc2 c3 50. Qd3 cxb2 51. Kxb2 Qf5 52. Rb7 Qxe5+ 53. Ka2 h5 54. Rb3 g6 55. a4 Kh6 56. Qe3+ Kh7 57. Rb7+ Kg8 58. Qb3+ Kh8 59. Rd7 Nc3+ 60. Ka3 Qc5+ 61. Kb2 Nxa4+ 62. Qxa4 Qf2+ 63. Kc3 Qe3+ 64. Kc4 Qe6+ 65. Kc5 1-0

[Event "*** SCC Grand Prix: Titled Tuesday Blitz"]
[Site "Chess.com"]
[Date "2020.09.29"]
[Round "5"]
[White "maxip32"]
[Black "denispopov"]
[Result "0-1"]
[WhiteElo "2341"]
[BlackElo "1980"]
[TimeControl "180+1"]
[EndTime "10:56:27 PDT"]
[Termination "denispopov won on time"]

1. e4 c5 2. Nf3 Nc6 3. d4 cxd4 4. Nxd4 e5 5. Nb5 a6 6. Nd6+ Bxd6 7. Qxd6 Qf6 8. Qd1 Qg6 9. Nc3 d5 10. Nxd5 Qxe4+ 11. Ne3 Be6 12. Bd3 Qh4 13. O-O Nge7 14. c3 f5 15. Qe2 O-O 16. Bc4 Qf6 17. f4 e4 18. Bxe6+ Qxe6 19. Qc4 Kf7 20. b3 Rfd8 21. Ba3 Nd5 22. Nxd5 Rxd5 23. g4 g6 24. g5 Rad8 25.
Bc1 Rd3 26. Qc5 R8d5 27. Qb6 Rb5 28. Qf2 e3 29. Qe2 Qe4 30. Rf3 Rxc3 31. Rxe3 Rxe3 32. Qxe3 Qxe3+ 33. Bxe3 Rd5 34. Kf2 Ke6 35. Re1 Kd7 36. Rc1 Rd6 37. a3 Rd3 38. Rb1 Na5 39. Ke2 Rxb3 40.
Rd1+ Ke6 41. a4 Rb2+ 42. Kf3 Rxh2 43. Bf2 h6 44. Kg3 Rh5 45. Re1+ Kd7 46. Be3 hxg5 47.
fxg5 Nc4 48. Rd1+ Ke6 49. Bf4 b5 50. axb5 axb5 51. Rb1 Nd6 52. Re1+ Ne4+ 53. Kg2 Rh4 54. Kf3 Rh3+ 55. Kg2 Rh4 56. Kf3 Kd5 57. Rd1+ Kc4 58. Rd8 b4 59. Rc8+ Kb3 60. Rc7 Kb2 61. Rc6 b3 62. Ke3 Rh3+ 63. Kd4 Rf3 64. Be5 Kb1 0-1

[Event "*** SCC Grand Prix: Titled Tuesday Blitz"]
[Site "Chess.com"]
[Date "2020.09.29"]
[Round "5"]
[White "GMaka"]
[Black "Riptide27"]
[Result "0-1"]
[WhiteElo "2362"]
[BlackElo "2518"]
[TimeControl "180+1"]
[EndTime "10:56:30 PDT"]
[Termination "Riptide27 won on time"]

1. d4 d5 2. c4 e6 3. Nc3 Nf6 4. cxd5 exd5 5. Bg5 c6 6. e3 Bf5 7. Qb3 Qb6 8. Bxf6 gxf6 9. Qxb6 axb6 10. Rc1 Nd7 11.
Nge2 b5 12. Ng3 Bg6 13. a3 Bd6 14. f4 h5 15. h4 Nb6 16. Be2 Nc4 17. Nd1 Ke7 18. O-O Rag8 19. Kh2 Nd2 20. Nf2 Nxf1+ 21. Bxf1 Ra8 22. Bd3 b4 23. axb4 Ra2 24. Rc2 Bxb4 25. f5 Bh7 26. Nh3 Bd6 27. Nf4 Bxf4 28. exf4 Ra4 29.
Ne2 Rha8 30. Kg3 Rb4 31. Kf3 Ra2 32. Ng3 Rbxb2 33. Rxb2 Rxb2 34. Nxh5 b5 35. Ng3 b4 36. Ne2 Ra2 37. Ke3 Ra3 38. Kd2 Kd6 39. g4 c5 40. dxc5+ Kxc5 41. g5 Ra2+ 42. Ke3 b3 43. g6 fxg6 44. fxg6 Bxg6 45. Bxg6 b2 46. Nc3 d4+ 47.
Kd2 dxc3+ 48. Kxc3 Ra4 49. Kxb2 Rxf4 50. h5 Rh4 51. Kc3 Rh3+ 52. Kd2 Kd4 53. Ke2 Ke5 54. Kf2 Kf4 55. Kg2 Rh4 56. Bf7 Kg5 57. Kg3 Ra4 58. Bg6 Ra3+ 59. Kf2 f5 60. Kg2 f4 61. Kf2 Rg3 62. Be8 Rh3 63. Bf7 Rh2+ 64. Kf3 Rh3+ 65.
Kf2 Rh4 66. Bg6 Kg4 67. Kg2 f3+ 68. Kg1 Kg3 0-1